 Dungeon Crawl Stone Soup version 0.26.0-16-gc1dbca0489 (webtiles) character file.

Game seed: 14499352539085841706

6404 HilariousDeathArtist the Fighter (level 10, 0/74 HPs)
             Began as a Tengu Ice Elementalist on Jan 18, 2021.
             Was an Initiate of Gozag.
             Slain by an unseen horror (7 damage)
             ... on level 10 of the Dungeon.
             The game lasted 00:20:44 (11146 turns).

HilariousDeathArtist the Fighter (TeIE)            Turns: 11146, Time: 00:20:45

Health: 0/74       AC: 10    Str:  8    XL:     10   Next: 98%
Magic:  8/14       EV: 18    Int: 19    God:    Gozag
Gold:   1106       SH:  4    Dex: 15    Spells: 6/13 levels left

rFire    + . .     SeeInvis .   a - +7 great sword (curse)
rCold    . . .     Faith    .   (shield currently unavailable)
rNeg     . . .     Spirit   .   i - +1 leather armour {rF+}
rPois    +         Reflect  .   (helmet restricted)
rElec    .         Harm     .   (no cloak)
rCorr    .         Rampage  .   b - +0 pair of gloves
Will     .....                  (boots unavailable)
Stlth    ++........             m - amulet of regeneration {+regen, !d}
HPRegen  0.62/turn              (no ring)
MPRegen  0.14/turn              (no ring)

@: icy armour, frozen ramparts, flying quickly and evasively, quick
A: beak, talons 3, large bone plates 1, rugged brown scales 1, blink, poison
resistance, able to fly
a: Blink, Renounce Religion, Potion Petition, Call Merchant, Bribe Branch


You were on level 10 of the Dungeon.
You worshipped Gozag.
Gozag was most pleased with you.
You visited 1 branch of the dungeon, and saw 10 of its levels.

You collected 1569 gold pieces.
You paid 463 gold pieces to Gozag.

Inventory:

Hand Weapons
 a - a cursed +7 great sword (weapon)
   (You took it off a wight on level 8 of the Dungeon)
 u - a +0 scimitar
   (You found it on level 4 of the Dungeon)
 w - a +3 hand crossbow
   (You found it on level 5 of the Dungeon)
 A - a +0 hand axe
   (You found it on level 1 of the Dungeon)
Missiles
 z - 2 throwing nets {=f, !d}
Armour
 b - a +0 pair of gloves (worn)
   (You found it on level 1 of the Dungeon)
 c - a +0 robe
 i - a +1 leather armour of fire resistance (worn)
   (You found it on level 3 of the Dungeon)
Jewellery
 m - an amulet of regeneration (around neck) {+regen, !d}
   (You found it on level 2 of the Dungeon)
 y - an uncursed amulet of reflection
   (You found it on level 6 of the Dungeon)
Wands
 l - a wand of digging (10)
   (You found it on level 9 of the Dungeon)
 q - a wand of enslavement (1)
   (You found it on level 4 of the Dungeon)
 B - a wand of paralysis (8)
   (You found it on level 10 of the Dungeon)
Scrolls
 d - a scroll of amnesia
 e - 7 scrolls of remove curse
 f - 3 scrolls of identify
 g - 2 scrolls of enchant armour
 j - a scroll of teleportation
 n - a scroll of enchant weapon
 p - 3 scrolls of fear
 s - a scroll of random uselessness
 t - a scroll of fog
 v - a scroll of vulnerability {!r!r}
 x - a scroll of torment {!r}
 C - a scroll of holy word {!r}
Potions
 h - a potion of invisibility
 k - 4 potions of curing
 o - 3 potions of attraction {!q}
 r - a potion of resistance


   Skills:
 + Level 12.4 Fighting
 * Level 9.2 Long Blades
 + Level 6.2 Dodging
 - Level 2.0 Stealth
 - Level 2.0 Spellcasting
 - Level 3.6 Ice Magic


You had 6 spell levels left.
You knew the following spells:

 Your Spells              Type           Power        Failure   Level
a - Freeze                Ice            60%          5%          1
z - Frozen Ramparts       Ice            30%          17%         3
A - Ozocubu's Armour      Ice            15%          17%         3

Your spell library contained the following spells:

 Spells                   Type           Power        Failure   Level
 Summon Small Mammal      Summ           4%           24%         1
 Call Imp                 Summ           1%           36%         2
 Call Canine Familiar     Summ           1%           58%         3
 Summon Guardian Golem    Hex/Summ       1%           58%         3
 Hailstorm                Conj/Ice       8%           75%         4
 Summon Ice Beast         Ice/Summ       8%           75%         4
 Summon Lightning Spire   Summ/Air       1%           94%         4


Dungeon Overview and Level Annotations

Branches:
Dungeon (10/15)            Temple (0/1) D:6            Lair (0/6) D:8
    Orc: D:9-12

Altars:
Ashenzari
Cheibriados
Dithmenos
Gozag
Sif Muna
Uskayaw
Vehumet

Shops:
D:5 [   D:8 =

Portals:
Abyss: D:5

Annotations:
D:4 Ijyb, Pikel
D:5 2 transporters, teolandon225's ghost, novice SpEn
D:8 Harold
D:9 exclusions: obsidian statue and orange crystal statue


Innate Abilities, Weirdness & Mutations

You have a beak for a mouth.
You have claws for feet.
You can fly continuously.
You are partially covered in large bone plates. (SH +4)
You are partially covered in rugged brown scales. (AC +1, +3% HP)
You can translocate small distances at will.
Your system is resistant to poisons. (rPois)


Message History

Health restored: 74 A wraith is nearby!
You hit the wraith. Your kick misses the wraith. The wraith barely misses you.
You riposte.
You closely miss the wraith. You claw the wraith. You hit the wraith.
The wraith misses you.
A wraith comes into view.
The wraith misses you.
You barely miss the wraith. You peck the wraith. The wraith hits you!
You take 9 damage, and have 65/74 hp.
You hit the wraith. Your peck misses the wraith. The wraith barely misses you.
You riposte.
You slash the wraith! You slash the wraith!
You destroy the wraith!
Your Long Blades skill increases to level 9!
You regained 2 hp, and now have 67/74 hp.
You slash the wraith! The wraith closely misses you.
You slash the wraith! Your peck misses the wraith.
The wraith closely misses you.
You riposte.
You barely miss the wraith. You block the wraith's attack.
You hit the wraith. The wraith misses you.
You slash the wraith!
You destroy the wraith!
No target in view!
No target in view!
No target in view!
You now have enough gold to buy the ring "Oxuiz" {Str+4 Int+6 SInv} on D:8.
You now have 1096 gold pieces (gained 8).
You now have 1100 gold pieces (gained 4).
You now have enough gold to buy the amulet of Vitality {Regen+ HP+15} on D:8.
You now have 1106 gold pieces (gained 6).
Found a stone staircase leading down.
Health restored: 74 A soldier ant comes into view.
A soldier ant is nearby!
A soldier ant is nearby!
You closely miss the soldier ant.
You claw the soldier ant, but do no damage.
Something hits you but does no damage.
Deactivating autopickup; reactivate with Ctrl-A.
Something hits you. The soldier ant stings you. Something hits you.
You take 9 damage, and have 65/74 hp.
You slash the soldier ant!
You claw the soldier ant, but do no damage.
Something hits you. The soldier ant stings you!
The soldier ant barely misses you.
You take 15 damage, and have 50/74 hp.
MASSIVE DAMAGE!!
Something barely misses you. You block something's attack. Something hits you.
You take 4 damage, and have 48/74 hp.
You swing at nothing.
Something hits you. Something hits you!
You take 11 damage, and have 37/74 hp.
You hit something but do no damage. You peck something.
You block something's attack.
You slash the soldier ant! The soldier ant barely misses you. x2
You slash the soldier ant!
You kill the soldier ant!
You closely miss something. You peck something. Something hits you.
Something hits you!
You take 9 damage, and have 30/74 hp.
You miss something. You claw something! Something hits you!
Something closely misses you. Something hits you!
* * * LOW HITPOINT WARNING * * *
You take 17 damage, and have 13/74 hp.
MASSIVE DAMAGE!!
Okay, then.
Okay, then.
You feel better. Something barely misses you.
You regained 10 hp, and now have 23/74 hp.
You swing at nothing.
Something hits you!
* * * LOW HITPOINT WARNING * * *
You take 8 damage, and have 15/74 hp.
You swing at nothing.
Something hits you!
* * * LOW HITPOINT WARNING * * *
You take 7 damage, and have 8/74 hp.
You swing at nothing.
Something hits you but does no damage.
Okay, then.
You feel better. Something hits you.
* * * LOW HITPOINT WARNING * * *
You regained 7 hp, and now have 15/74 hp.
Okay, then.
Okay, then.
Okay, then.
A film of ice covers your body!
Something hits you but does no damage. x2
You now have 11/14 mp.
You can't see any susceptible monsters within range! (Use Z to cast anyway.)
You can't see any hostile targets that would be affected.
The walls around you are covered in ice.
The wall freezes something.
Something hits you but does no damage.
The wall freezes something.
Something hits you.
* * * LOW HITPOINT WARNING * * *
The wall freezes something.
Something hits you but does no damage.
You take 2 damage, and have 14/74 hp.
You now have 8/14 mp.
You slash something! Your peck misses something.
The wall freezes something.
Something hits you!
* * * LOW HITPOINT WARNING * * *
The wall freezes something.
Something hits you!
You die...
Your body crumbles into a pile of gold.

#.##.######### #.##.#.....#..
..#.....
#.##.#.#.#.#.####.#....####
#.##.#.#.#.#...##.#.......
##.##.#.#...#...##.#.....####
...##.#.#.###...##.#........#
....#.#..<..[...##.#......#
###.#.#######...##.#......#.#
............[...@{.....>....#
###...#######...####...#?...#
#...# #....# #........# #...#
#[.).# #.#.###..#
#...######....####.#$#
....##...........#.#.#
#.................#.#.#
#...###...........#.#.#
#...........#


There were no monsters in sight!

Vanquished Creatures
  Josephine (D:9)
  A two-headed ogre (D:9)
  Joseph (D:9)
  A centaur zombie (D:10)
  Grinder (D:5)
  5 wraiths (D:10)
  A soldier ant (D:10)
  2 orc warriors
  A sky beast (D:6)
  A black bear (D:8)
  2 ice beasts (D:9)
  A centaur (D:6)
  4 ogres
  2 lemures (D:3)
  3 bullfrogs
  A gnoll sergeant (D:9)
  A wyvern zombie (D:6)
  4 scorpions
  8 killer bees (D:7)
  4 wights
  A howler monkey (D:5)
  2 orc priests
  4 hounds
  2 centaur skeletons
  3 jellies
  2 iguanas
  Terence (D:2)
  6 orc wizards
  5 worker ants
  5 gnolls (D:9)
  7 adders
  3 white imps
  An ooze (D:1)
  An adder skeleton (D:9)
  3 worms
  2 dart slugs
  A leopard gecko (D:5)
  21 orcs
  8 giant cockroaches
  9 goblins
  10 hobgoblins
  22 jackals
  2 quokkas
  15 bats
  6 frilled lizards
  7 kobolds
  5 rats
199 creatures vanquished.

Vanquished Creatures (collateral kills)
  A centaur (D:8)
  An orc wizard (D:8)
  2 orcs (D:8)
4 creatures vanquished.

Vanquished Creatures (others)
  An orc warrior (D:5)
  An orc priest (D:5)
  3 orcs (D:5)
  13 fungi (D:8)
  17 plants (D:8)
35 creatures vanquished.

Grand Total: 238 creatures vanquished

Notes
Turn   | Place    | Note
-------+----------+-------------------------------------------
     0 | D:1      | HilariousDeathArtist the Tengu Ice Elementalist began the
                  | quest for the Orb.
     0 | D:1      | Reached XP level 1. HP: 10/10 MP: 4/4
   229 | D:1      | Reached skill level 1 in Fighting
   334 | D:1      | Reached XP level 2. HP: 16/16 MP: 6/6
   574 | D:1      | Reached skill level 2 in Fighting
   665 | D:1      | Reached XP level 3. HP: 15/22 MP: 5/7
   779 | D:1      | Learned a level 3 spell: Frozen Ramparts
  1552 | D:1      | Reached skill level 3 in Fighting
  2062 | D:2      | Found an opulent altar of Gozag.
  2077 | D:2      | Became a worshipper of Gozag Ym Sagoz the Greedy
  2326 | D:2      | Reached XP level 4. HP: 28/28 MP: 6/8
  2672 | D:2      | Found a hide-covered altar of Uskayaw.
  2883 | D:3      | Noticed Terence
  2903 | D:2      | HP: 7/29 [kobold/+0 club (1)]
  2904 | D:2      | HP: 3/29 [adder (4)]
  2913 | D:2      | Reached skill level 4 in Fighting
  3117 | D:2      | Killed Terence
  3118 | D:2      | Gained mutation: You can fly continuously. [Tengu growth]
  3118 | D:2      | Reached XP level 5. HP: 23/34 MP: 2/9
  3630 | D:3      | You are sucked into a shaft and drop 1 floor!
  3753 | D:3      | Found a broken altar of Ashenzari.
  4040 | D:3      | Reached skill level 5 in Fighting
  4112 | D:4      | Noticed an ogre
  4132 | D:3      | Gained mutation: You are partially covered in large bone
                  | plates. (SH +4) [potion of mutation]
  4132 | D:3      | Gained mutation: Your system is resistant to poisons.
                  | (rPois) [potion of mutation]
  4132 | D:3      | Gained mutation: You are partially covered in rugged brown
                  | scales. (AC +1, +3% HP) [potion of mutation]
  4132 | D:3      | Gained mutation: You can translocate small distances at
                  | will. [potion of mutation]
  4134 | D:3      | Killed an ogre
  4135 | D:3      | Reached XP level 6. HP: 39/42 MP: 4/10
  4208 | D:4      | Reached skill level 6 in Fighting
  4366 | D:4      | Found a shadowy altar of Dithmenos.
  4412 | D:4      | Noticed Pikel
  4421 | D:5      | Entered Level 5 of the Dungeon
  4657 | D:4      | Noticed Ijyb
  4731 | D:5      | Found a transporter.
  4734 | D:5      | Noticed Grinder
  4756 | D:5      | Found a transporter.
  4762 | D:5      | Found a one-way gate to the infinite horrors of the Abyss.
  4762 | D:5      | Noticed teolandon225's ghost (novice SpEn)
  4852 | D:5      | Noticed an orc warrior
  4897 | D:5      | Killed an orc warrior
  5120 | D:5      | Reached XP level 7. HP: 26/48 MP: 11/11
  5172 | D:5      | Reached skill level 7 in Fighting
  5212 | D:5      | Found Durhavus's Antique Armour Boutique.
  5415 | D:5      | Identified the +7 dagger of Twilight {distort, rN+ Will+
                  | Stlth+}
  5836 | D:5      | Killed Grinder
  5837 | D:5      | Reached skill level 8 in Fighting
  5923 | D:6      | Reached XP level 8. HP: 41/56 MP: 2/12
  5927 | D:6      | Learned a level 3 spell: Ozocubu's Armour
  6139 | D:6      | Reached skill level 9 in Fighting
  6229 | D:6      | Found a staircase to the Ecumenical Temple.
  6852 | D:7      | Reached skill level 10 in Fighting
  7378 | D:7      | Found a snail-covered altar of Cheibriados.
  7507 | D:7      | Reached skill level 11 in Fighting
  7507 | D:7      | Reached XP level 9. HP: 54/65 MP: 7/13
  8229 | D:8      | Reached skill level 3 in Dodging
  8701 | D:8      | Noticed Harold
  8718 | D:8      | HP: 13/66 [Harold/+2 vorpal long sword (12)]
  8745 | D:8      | HP: 16/66 [Harold/harpoon shot (10)]
  9176 | D:7      | Reached skill level 4 in Dodging
  9410 | D:8      | Found a staircase to the Lair.
  9539 | D:8      | Reached skill level 12 in Fighting
  9758 | D:9      | Noticed Joseph
  9761 | D:9      | Noticed a two-headed ogre
  9777 | D:9      | Killed a two-headed ogre
  9778 | D:9      | Reached skill level 5 in Long Blades
  9778 | D:9      | Reached XP level 10. HP: 46/73 MP: 7/14
  9952 | D:9      | HP: 11/73 [Joseph/+0 quarterstaff (9)]
  9955 | D:9      | Killed Joseph
  9956 | D:9      | Reached skill level 6 in Long Blades
  9961 | D:9      | HP: 17/73 [ice beast (5)]
 10206 | D:9      | Found a radiant altar of Vehumet.
 10435 | D:9      | Reached skill level 7 in Long Blades
 10528 | D:9      | Noticed an obsidian statue
 10599 | D:9      | Found a shimmering blue altar of Sif Muna.
 10623 | D:9      | Noticed an orange crystal statue
 10805 | D:10     | Entered Level 10 of the Dungeon
 10877 | D:10     | Reached skill level 5 in Dodging
 10943 | D:10     | Noticed Josephine
 10985 | D:9      | Killed Josephine
 10986 | D:9      | Reached skill level 8 in Long Blades
 11075 | D:10     | Reached skill level 6 in Dodging
 11095 | D:10     | Reached skill level 9 in Long Blades
 11138 | D:10     | HP: 13/74 [something (11)]
 11143 | D:10     | HP: 15/74 [something (3)]
 11146 | D:10     | HP: 7/74 [something (8)]
 11146 | D:10     | Slain by an unseen horror

Illustrated notes

Levels and vault maps discovered:
D:1:      scummos_arrival_simple_crosswalls, layout_loops_ring,
          serial_co_window_serial, co_window_paths_a,
          co_window_of_opportunity_a, co_window_paths_b, co_window_corner_a,
          co_window_cross_1, co_window_2corner, co_window_cross_2,
          co_window_broadway_a, co_window_corner_b, co_window_corner_cb,
          co_window_corner_ca, co_window_4corner_a, glass_columns_a,
          glass_columns_a, glass_columns_a, glass_columns_a
D:2:      layout_basic, grunt_gozag_breadcrumbs, eat_drink_and_be_merry_uskayaw,
          serial_co_window_serial, co_window_of_opportunity_a,
          co_window_paths_b, co_window_paths_a, co_window_paths_b,
          co_window_paths_a, co_window_cross_4, co_window_corner_cb,
          co_window_cross_3, co_window_4corner_a, minmay_pentomino_s2
D:3:      layout_loops_ring, lemuel_coloured_pillars_altar,
          minmay_fractal_squares_5, uniq_terence
D:4:      layout_gridville, grunt_dithmenos_smoke, uniq_ijyb, uniq_pikel
D:5:      lemuel_ice_spiral_2, layout_basic, gammafunk_ghost_abyssal_escape,
          serial_shops, nicolae_shop_waterfront, lemuel_flame_loot_1,
          uniq_grinder
D:6:      layout_basic, minmay_temple_entry_statues_fountains,
          kb_lookout_dungeons_type, st_stairs_14
D:7:      layout_basic, kennysheep_mini_moat
D:8:      layout_layer_cave, grunt_lair_entry_orc_guard_hut, uniq_harold
D:9:      minmay_separated_statues, layout_long_grid, vehumet_crystals,
          kennysheep_mini, minmay_misc_feat_pillars, minivault_11,
          kennysheep_generic_room_13, uniq_joseph
D:10:     kennysheep_spiral_hall, layout_basic, uniq_josephine

Skill      XL: |  1  2  3  4  5  6  7  8  9 10 |
---------------+-------------------------------+-----
Fighting       | 1 2 3 4 5 6 8 11 12 | 12.4
Dodging        | 4 6 |  6.2
Long Blades    | 5 9 |  9.2
Stealth        | |  2.0
Spellcasting   | |  2.0
Ice Magic      | |  3.6

Action                   |  1- 3 |  4- 6 |  7- 9 | 10-12 || total
-------------------------+-------+-------+-------+-------++-------
Melee: Hand axe          |    67 |    26 |       |       ||    93
       Kick              |    13 |    25 |    66 |    39 ||   143
       Peck              |     7 |    15 |    33 |    18 ||    73
       Scimitar          |       |    84 |   169 |       ||   253
       Great sword       |       |       |     8 |    99 ||   107
 Cast: Freeze            |    35 |    67 |    46 |       ||   148
       Frozen Ramparts   |       |     1 |     7 |     3 ||    11
       Ozocubu's Armour  |       |       |     8 |     3 ||    11
Invok: Call Merchant     |       |       |     1 |       ||     1
 Abil: Fly               |       |     1 |       |       ||     1
Evoke: Wand              |       |       |     9 |       ||     9
  Use: Potion            |       |     4 |    16 |     3 ||    23
       Scroll            |       |       |    16 |       ||    16
 Stab: Sleeping          |     7 |       |     4 |       ||    11
       Invisible         |       |       |     2 |       ||     2
       Distracted        |       |       |     1 |     1 ||     2
Armor: Robe              |    27 |    10 |       |       ||    37
       Leather armour    |       |    44 |    58 |    25 ||   127
Dodge: Dodged            |    77 |   138 |   223 |    84 ||   522
Block: Other             |       |    17 |    55 |    27 ||    99
       Rpst.: Scimitar   |       |    22 |    80 |       ||   102
       Great sword       |       |       |     3 |    28 ||    31

Table legend: (Time is in decaauts)
 A = Elapsed time spent in this place.
 B = Non-inter-level travel time spent in this place.
 C = Inter-level travel time spent in this place.
 D = Time resting spent in this place.
 E = Time spent auto-exploring this place.
 F = Levels seen in this place.
 G = Mean time per level.
                   A        B        C        D        E       F      G
               +--------+--------+--------+--------+--------+-----+--------+
         Total |  10783 |  10075 |    708 |   1892 |   6046 |  10 | 1078.3 |
       Dungeon |  10783 |  10075 |    708 |   1892 |   6046 |  10 | 1078.3 |
               +--------+--------+--------+--------+--------+-----+--------+

Top non-repeatable levels by time:
     D:7: 1835 daAuts
     D:1: 1737 daAuts
     D:2: 1365 daAuts
     D:8: 1150 daAuts
     D:5: 1131 daAuts
     D:9: 1082 daAuts
     D:3: 1071 daAuts
     D:6: 651 daAuts
     D:4: 485 daAuts
    D:10: 272 daAuts

Table legend:
 A = Kills in this place as a percentage of kills in entire the game.
 B = Kills by you in this place as a percentage of kills by you in the entire game.
 C = Kills by friends in this place as a percentage of kills by friends in the entire game.
 D = Other kills in this place as a percentage of other kills in the entire game.
 E = Experience gained in this place as a percentage of experience gained in the entire game.
 F = Experience gained in this place divided by the number of levels of this place that you have seen.
                   A       B       C       D       E      F
               +-------+-------+-------+-------+-------+----------------------
         Total | 100.0 | 100.0 | 100.0 |   N/A | 100.0 | 914.9
       Dungeon | 100.0 | 100.0 | 100.0 |   N/A | 100.0 | 914.9
               +-------+-------+-------+-------+-------+----------------------
